 Dungeon Crawl Stone Soup version 0.18.1-50-g88ac8fd (webtiles) character file.

63228 Lovchig the Severer (level 14, -6/136 HPs)
             Began as a Deep Dwarf Fighter on Oct 5, 2016.
             Was the Champion of the Shining One.
             Mangled by a deep troll (16 damage)
             ... on level 1 of the Depths.
             The game lasted 00:57:34 (13257 turns).

Lovchig the Severer (Deep Dwarf Fighter)           Turns: 13257, Time: 00:57:35

Health: -6/136     AC: 32    Str: 28    XL:     14   Next: 67%
Magic:  2/15       EV: 11    Int:  4    God:    the Shining One [******]
Gold:   1181       SH: 15    Dex: 12    Spells: 0 memorised, 13 levels left

rFire  + + +     SeeInvis +     z - +7 broad axe "Xannirid" {flame, rC+}
rCold  + . .     Gourm    .     j - +0 plate armour
rNeg   + + +     Faith    .     c - +1 shield
rPois  .         Spirit   .     E - +2 hat
rElec  .         Dismiss  .     o - +1 cloak
rCorr  .         Reflect  .     p - +2 pair of gloves
SustAt .         Harm     .     F - +2 pair of boots of Inviolability {+Inv rF++ Int-5 Stlth+}
MR     +++..                    (no amulet)
Stlth  ..........               T - ring of the Genius {rN+ MP+9 Dex+3}
                                b - +3 ring of evasion

@: mighty, non-regenerating, glowing, extremely resistant to hostile
enchantments, extremely unstealthy
A: damage resistance, recharge devices, horns 1, talons 1, rough black scales 1,
rugged brown scales 1, see invisible, clumsy 1, fire resistance 1, magic
resistance 1, negative energy resistance 1, sense surroundings 2, slow
regeneration 3, weak 1, MP-powered wands
a: Device Recharging, Divine Shield, Cleansing Flame, Summon Divine Warrior,
Brand Weapon With Holy Wrath, Renounce Religion, Evoke Invisibility


You were on level 1 of the Depths.
You worshipped the Shining One.
The Shining One was exalted by your worship.
You were not hungry.

You visited 4 branches of the dungeon, and saw 18 of its levels.
You also visited: Ossuary and Bailey.

You collected 1512 gold pieces.
You spent 331 gold pieces at shops.

Inventory:

Hand Weapons
 z - the +7 broad axe "Xannirid" (weapon) {flame, rC+}
   (You acquired it in a bailey)

   It has been specially enchanted to burn those struck by it, causing extra
   injury to most foes and up to half again as much damage against particularly
   susceptible opponents.
   Big, fiery blades are also staple armaments of hydra-hunters.
   It protects you from cold.
Armour
 c - a +1 shield (worn)
 j - a +0 plate armour (worn)
 o - a +1 cloak (worn)
 p - a +2 pair of gloves (worn)
 E - a +2 hat (worn)
 F - the +2 pair of boots of Inviolability (worn) {+Inv rF++ Int-5 Stlth+}
   (You found it on level 13 of the Dungeon)

   It affects your intelligence (-5).
   It greatly protects you from fire.
   It lets you turn invisible.
   It makes you more stealthy.
Jewellery
 b - a +3 ring of evasion (left hand)
 T - the ring of the Genius (right hand) {rN+ MP+9 Dex+3}
   (You found it on level 10 of the Dungeon)

   [ring of positive energy]

   It affects your dexterity (+3).
   It protects you from negative energy.
   It affects your magic capacity (+9).
Wands
 a - a wand of digging (14/24)
 e - a wand of heal wounds (2/9)
 u - a wand of lightning (6/15)
 v - a wand of acid (8/15)
 H - a wand of acid (10/15)
 I - a wand of lightning (7/15)
 N - a wand of paralysis (7/24)
 O - a wand of digging (17/24)
 S - a wand of confusion (36/48)
Scrolls
 m - 4 scrolls of teleportation
 q - 3 scrolls of recharging
 w - a scroll of fog
 y - 2 scrolls of remove curse
 K - 2 scrolls of blinking
 M - a scroll of fear
 P - 2 scrolls of amnesia
Potions
 d - 3 potions of might
 g - 3 potions of haste
 h - a potion of resistance
 l - 3 potions of brilliance
 n - 6 potions of flight
 r - 9 potions of curing
 s - a potion of berserk rage
 x - 2 potions of ambrosia
 A - a potion of agility
 B - a potion of magic
 C - 6 potions of lignification
Miscellaneous
 D - a sack of spiders
Comestibles
 f - 8 bread rations
 i - 7 meat rations
 k - 4 chunks of flesh
 t - 30 fruits
 G - 7 beef jerkies
 L - a royal jelly
 R - a slice of pizza


   Skills:
 * Level 10.7 Fighting
   Level 1.2 Long Blades
 * Level 15.3 Axes
 * Level 12.1 Armour
 * Level 14.1 Shields
 * Level 11.1 Evocations


You had 13 spell levels left.
You didn't know any spells.

Dungeon Overview and Level Annotations

Branches:
Dungeon (15/15)            Temple (1/1) D:4            Lair (0/8) D:8
    Orc (0/2) D:9          Vaults (0/5) D:14         Depths (1/5) D:15
   Hell (1/1)
    Dis: Hell:1         Geh: Hell:1         Coc: Hell:1         Tar: Hell:1

Altars:
Ashenzari
Cheibriados
Dithmenos
Elyvilon
Fedhas
Gozag
Kikubaaqudgha
Makhleb
Nemelex Xobeh
Okawaru
Pakellas
Qazlal
Ru
Sif Muna
Trog
Vehumet
Xom
Yredelemnul
Zin
The Shining One

Shops:
D:13 [   D:14 !

Portals:
Hell: Depths:1
Pandemonium: Depths:1
Ziggurat: Depths:1

Annotations:
Hell Geryon


Innate Abilities, Weirdness & Mutations

You are resistant to damage.
You can recharge devices by infusing magical energy.
You resist negative energy.
You passively map the area around you.
You do not regenerate naturally.
You have a pair of small horns on your head.
You have sharp toenails.
You are partially covered in rough black scales (AC +4, Dex -1).
You are partially covered in rugged brown scales (AC +1, +3% HP).
You have supernaturally acute eyesight.
You are clumsy. (Dex -2)
Your flesh is heat resistant.
You are resistant to hostile enchantments.
You are weak. (Str -2)
You expend magic power (3 MP) to strengthen your wands.


Message History

Your deep troll shaman bites the deep troll.
Your deep troll shaman claws the deep troll.
Your deep troll shaman claws the deep troll but does no damage.
Drink which item? (? for menu, Esc to quit)
You feel better. The deep troll bites you.
* * * LOW HITPOINT WARNING * * *
You block the deep troll's attack.
The deep troll claws you but does no damage.
The boggart hits your deep troll but does no damage.
You block the deep troll's attack.
The deep troll claws you but does no damage.
The deep troll misses you. The deep troll bites you!
* * * LOW HITPOINT WARNING * * *
The deep troll claws you but does no damage. x2
The red ugly thing headbutts you!
* * * LOW HITPOINT WARNING * * *
You are engulfed in flames.
You resist. You block the deep troll's attack.
The deep troll claws you but does no damage. x2
The boggart hits your deep troll. The deep troll bites you!
You die...

#......#......#...∩(((....#...##.
#..##'#...)...'...)#'##...+...#..
####...............#..##..#...#..
#.'.......##.....)##...####...#..
#.#.....######..T.#.....>#....###
+,##...#'#..#+..T.#......#....+>#
* ,#...##.##.#CTgT#......'^#'###.
+*#..##.#..#.TTT###'#...###...##
+..##.#...TTu@#...##.##.......
#...##.##...TT##<..+.#........
,,,##..#+#..#'DTG.##..#.####.....
...,#...######T...T#.####..#.....
... #.....##....T###+#.....##'#..
u.. #..u.............+........###
.....#(u#..'###......#.......##..
u.. ,#..#.....#.....###....#'#...
uu.,##(.##....'....##.######.....


You could see a great orb of eyes, a red ugly thing, 3 deep trolls, a boggart
(invisible), a friendly ice dragon, a friendly stone giant, 8 friendly deep
trolls, 3 friendly deep troll earth magi and a friendly deep troll shaman.

Vanquished Creatures
  A tengu reaver (Depths:1)
  3 very ugly things (Depths:1)
  3 stone giants (Depths:1)
  A dire elephant (D:15)
  Snorg (D:14)
  8 vault guards (D:14)
  An ice dragon (Depths:1)
  An entropy weaver (Depths:1)
  2 centaur warriors (Depths:1)
  A catoblepas (D:13)
  Erica (D:10)
  2 deep troll shamans (Depths:1)
  A deep troll earth mage (Depths:1)
  A tengu warrior (D:13)
  An orc high priest (Bailey)
  An iron troll (Depths:1)
  3 skeletal warriors (D:15)
  2 unseen horrors
  A giant orange brain (Depths:1)
  5 hill giants
  3 deep trolls (Depths:1)
  2 orc knights (Bailey)
  An anubis guard (shapeshifter) (Depths:1)
  17 ugly things
  2 deep elf magi
  A wolf spider (D:15)
  2 manticores
  A salamander (D:15)
  5 cyclopes
  An octopode (shapeshifter) (D:13)
  4 centaur skeletons
  2 gargoyles
  2 yaktaurs
  2 kobold demonologists
  A yaktaur (shapeshifter) (D:11)
  The ghost of HopefulHyena the Skirmisher, an amateur TrFi (D:3)
  An ice devil (Depths:1)
  3 tengu conjurers
  The ghost of appiemonkey the Magician, a novice DEFE (D:5)
  A two-headed ogre (D:12)
  5 trolls
  A troll (shapeshifter) (Depths:1)
  8 slime creatures
  A shadow (D:11)
  A vampire (D:12)
  3 redbacks (Depths:1)
  8 yaks
  A wyvern (D:14)
  4 wraiths
  2 basilisks
  A hungry ghost (D:14)
  3 hippogriffs
  10 vampire mosquitoes
  Menkaure (D:6)
  Duvessa (D:7)
  3 black bears
  17 orc warriors
  6 sky beasts
  2 eyes of draining (D:11)
  A phantom (D:7)
  5 ice beasts
  A boggart (Depths:1)
  3 ogres
  5 centaurs
  2 big kobolds
  2 crocodiles (D:8)
  16 giant frogs
  A gnoll sergeant (D:7)
  Dowan (D:7)
  4 scorpions
  7 killer bees
  3 wights (D:6)
  4 electric eels (Bailey)
  A howler monkey (D:8)
  6 crimson imps
  2 giant frog zombies
  A quasit (D:7)
  15 hounds
  12 orc wizards
  3 jellies
  6 orc priests
  4 iguanas
  14 worker ants
  4 sheep
  A killer bee zombie (D:7)
  A big kobold zombie (Ossuary)
  A hound zombie (D:10)
  2 hound skeletons (D:10)
  8 mummies (Ossuary)
  3 howler monkey skeletons
  12 adders
  20 gnolls
  2 river rats (D:8)
  A shadow imp (D:11)
  2 adder skeletons
  2 worms (D:2)
  2 dart slugs
  7 giant geckos
  38 orcs
  14 bats
  5 giant cockroaches
  21 goblins
  14 hobgoblins
  7 jackals
  16 kobolds
  5 quokkas
  4 ball pythons
  2 giant gecko skeletons
  4 giant newts
  2 hobgoblin zombies (Ossuary)
  2 kobold zombies (Ossuary)
  3 orc zombies (Ossuary)
  A quokka zombie (D:7)
  13 rats
  2 fungi (D:8)
511 creatures vanquished.

Vanquished Creatures (others)
  A quokka (D:7)
1 creature vanquished.

Grand Total: 512 creatures vanquished

Notes
Turn   | Place    | Note
--------------------------------------------------------------
     0 | D:1      | Lovchig the Deep Dwarf Fighter began the quest for the Orb.
     0 | D:1      | Reached XP level 1. HP: 20/20 MP: 1/1
   386 | D:1      | Reached XP level 2. HP: 25/27 MP: 2/2
   986 | D:2      | Reached XP level 3. HP: 26/34 MP: 3/3
   986 | D:2      | Reached skill level 1 in Evocations
  1276 | D:2      | Reached skill level 3 in Axes
  1276 | D:2      | Reached XP level 4. HP: 28/42 MP: 4/4
  1582 | D:3      | Noticed HopefulHyena's ghost (amateur TrFi)
  1594 | D:3      | Killed HopefulHyena's ghost
  1594 | D:3      | Reached skill level 4 in Axes
  1594 | D:3      | Reached XP level 5. HP: 29/50 MP: 4/6
  1594 | D:3      | Reached XP level 6. HP: 33/57 MP: 4/7
  1610 | D:3      | Found a stormy altar of Qazlal.
  1640 | D:3      | Reached skill level 5 in Shields
  1702 | D:3      | Found a glowing golden altar of the Shining One.
  1762 | D:3      | Became a worshipper of the Shining One
  2375 | D:4      | Found a sand-covered staircase.
  2381 | Ossuary  | Entered an ossuary
  2388 | Ossuary  | Reached * piety under the Shining One
  2419 | Ossuary  | Reached XP level 7. HP: 27/63 MP: 9/9
  2492 | Ossuary  | Reached ** piety under the Shining One
  2513 | Ossuary  | Reached skill level 5 in Armour
  2979 | D:4      | Found a staircase to the Ecumenical Temple.
  2988 | Temple   | Entered the Ecumenical Temple
  3276 | D:5      | Entered Level 5 of the Dungeon
  3287 | D:5      | Noticed appiemonkey's ghost (novice DEFE)
  3328 | D:5      | Killed appiemonkey's ghost
  3330 | D:5      | Reached skill level 1 in Long Blades
  3467 | D:5      | Reached XP level 8. HP: 32/73 MP: 10/10
  3988 | D:6      | Reached skill level 5 in Axes
  4027 | D:6      | Gained mutation: Your magical capacity is low (-10% MP). [mutagenic meat]
  4028 | D:6      | Gained mutation: You are resistant to hostile enchantments. [mutagenic meat]
  4029 | D:6      | Gained mutation: You are partially covered in rugged brown scales (AC +1, +3% HP). [mutagenic meat]
  4030 | D:6      | Gained mutation: Your flesh is heat resistant. [mutagenic meat]
  4033 | D:6      | Noticed Menkaure
  4037 | D:6      | Killed Menkaure
  4037 | D:6      | Reached *** piety under the Shining One
  4477 | D:7      | Gained mutation: Your mind is acute. (Int +2) [mutagenic meat]
  4478 | D:7      | Gained mutation: You have sharp toenails. [mutagenic meat]
  4497 | D:7      | Reached skill level 5 in Evocations
  4499 | D:7      | Gained mutation: You passively map the area around you. [Deep Dwarf growth]
  4499 | D:7      | Reached XP level 9. HP: 45/82 MP: 8/8
  4565 | D:7      | Reached skill level 5 in Fighting
  4790 | D:7      | Noticed Dowan
  4792 | D:7      | Noticed Duvessa
  4803 | D:7      | Killed Duvessa
  4803 | D:7      | Reached skill level 6 in Axes
  4817 | D:7      | Killed Dowan
  5064 | D:7      | Found a white marble altar of Elyvilon.
  5119 | D:7      | Found an opulent altar of Gozag.
  5547 | D:8      | Reached skill level 7 in Axes
  5687 | D:8      | Reached XP level 10. HP: 39/93 MP: 0/10
  5868 | D:8      | Found a shadowy altar of Dithmenos.
  6004 | D:8      | Reached **** piety under the Shining One
  6004 | D:8      | Reached skill level 10 in Shields
  6014 | D:8      | Reached skill level 8 in Axes
  6380 | D:8      | Found a staircase to the Lair.
  6784 | D:9      | Found an iron altar of Okawaru.
  6818 | D:9      | Identified a scroll of acquirement
  6916 | D:8      | Found an iron altar of Okawaru.
  6916 | D:8      | Found a radiant altar of Vehumet.
  7098 | D:9      | Found a blossoming altar of Fedhas.
  7168 | D:9      | Found a staircase to the Orcish Mines.
  7192 | D:10     | Entered Level 10 of the Dungeon
  7294 | D:10     | Noticed Erica
  7306 | D:10     | Killed Erica
  7362 | D:10     | Got a coiled glass ring
  7376 | D:10     | Identified the ring of the Genius {rN+ MP+9 Dex+3} (You found it on level 10 of the Dungeon)
  7407 | D:10     | Reached skill level 9 in Axes
  7744 | D:10     | Gained mutation: You are weak. (Str -2) [potion of mutation]
  7745 | D:10     | Lost mutation: Your magical capacity is low (-10% MP). [potion of cure mutation]
  7745 | D:10     | Lost mutation: You are weak. (Str -2) [potion of cure mutation]
  7745 | D:10     | Lost mutation: Your flesh is heat resistant. [potion of cure mutation]
  7745 | D:10     | Lost mutation: Your mind is acute. (Int +2) [potion of cure mutation]
  7746 | D:10     | Gained mutation: You tend to lose your temper in combat. [potion of mutation]
  8224 | D:11     | Reached XP level 11. HP: 40/101 MP: 0/13
  8655 | D:11     | Noticed a hill giant
  8721 | D:11     | Killed a hill giant
  8761 | D:12     | Noticed a hill giant
  8773 | D:12     | Reached ***** piety under the Shining One
  8774 | D:12     | Noticed an unseen horror
  8777 | D:12     | Killed an unseen horror
  8778 | D:12     | Noticed a hill giant
  8778 | D:12     | Reached skill level 10 in Axes
  8781 | D:12     | Killed a hill giant
  8790 | D:12     | Killed a hill giant
  8823 | D:12     | Noticed a deep elf mage
  8848 | D:12     | Killed a deep elf mage
  8903 | D:12     | Gained mutation: You are robust (+10% HP). [potion of mutation]
  8903 | D:12     | Gained mutation: You are partially covered in rough black scales (AC +4, Dex -1). [potion of mutation]
  9447 | D:12     | Noticed a hill giant
  9458 | D:12     | Killed a hill giant
  9562 | D:13     | Reached skill level 11 in Axes
  9711 | D:13     | Gained mutation: Your flesh is heat resistant. [potion of mutation]
  9711 | D:13     | Gained mutation: You have a pair of small horns on your head. [potion of mutation]
  9734 | D:13     | Found a flagged portal.
  9739 | D:13     | Reached XP level 12. HP: 110/124 MP: 12/12
  9745 | Bailey   | Entered a bailey
  9798 | Bailey   | Found an iron altar of Okawaru.
  9798 | Bailey   | Noticed an orc high priest
  9814 | Bailey   | Killed an orc high priest
 10130 | Bailey   | Got a warped broad axe
 10131 | Bailey   | Identified the +7 broad axe "Xannirid" {flame, rC+} (You acquired it in a bailey)
 10381 | D:13     | Noticed a catoblepas
 10392 | D:13     | Killed a catoblepas
 10521 | D:13     | Noticed a tengu warrior
 10529 | D:13     | Killed a tengu warrior
 10529 | D:13     | Reached skill level 12 in Axes
 10529 | D:13     | Reached skill level 10 in Armour
 10539 | D:13     | Found Unoul's Antique Armour Shop.
 10542 | D:13     | Bought an embroidered hat for 76 gold pieces
 10670 | D:13     | Got a pair of brightly glowing boots
 10681 | D:13     | Identified the +2 pair of boots of Inviolability {+Inv rF++ Int-5 Stlth+} (You found it on level 13 of the Dungeon)
 10988 | D:14     | Gained mutation: Scrolls take you a little longer to read. [mutagenic meat]
 10989 | D:14     | Lost mutation: Scrolls take you a little longer to read. [mutagenic meat]
 10990 | D:14     | Gained mutation: Your flesh is very heat resistant. [mutagenic meat]
 11202 | D:14     | Noticed Snorg
 11216 | D:14     | Killed Snorg
 11237 | D:14     | Found a gate to the Vaults.
 11237 | D:14     | Noticed a vault guard
 11237 | D:14     | Noticed a vault guard
 11237 | D:14     | Noticed a vault guard
 11237 | D:14     | Noticed a vault guard
 11237 | D:14     | Noticed a vault guard
 11238 | D:14     | Noticed a vault guard
 11238 | D:14     | Noticed a vault guard
 11238 | D:14     | Noticed a vault guard
 11243 | D:14     | Killed a vault guard
 11249 | D:14     | Killed a vault guard
 11254 | D:14     | Killed a vault guard
 11257 | D:14     | Killed a vault guard
 11267 | D:14     | Killed a vault guard
 11267 | D:14     | Reached XP level 13. HP: 56/136 MP: 12/12
 11270 | D:14     | Killed a vault guard
 11276 | D:14     | Killed a vault guard
 11293 | D:14     | Killed a vault guard
 11293 | D:14     | Reached skill level 13 in Axes
 11641 | D:14     | Found Xuh Ceyn's Distillery.
 11645 | D:14     | Bought a potion of heal wounds for 75 gold pieces
 11645 | D:14     | Bought a potion of might for 60 gold pieces
 11645 | D:14     | Bought a potion of ambrosia for 120 gold pieces
 11661 | D:14     | Lost mutation: You are robust (+10% HP). [mutagenic meat]
 11662 | D:14     | Gained mutation: You have supernaturally acute eyesight. [mutagenic meat]
 11663 | D:14     | Gained mutation: You expend magic power (3 MP) to strengthen your wands. [mutagenic meat]
 11664 | D:14     | Gained mutation: You are weak. (Str -2) [mutagenic meat]
 11731 | D:14     | Reached ****** piety under the Shining One
 11890 | D:15     | Entered Level 15 of the Dungeon
 11980 | D:15     | Reached skill level 10 in Evocations
 12027 | D:15     | Gained mutation: You are frail (-10% HP). [mutagenic meat]
 12166 | D:15     | Found a sparkling altar of Nemelex Xobeh.
 12545 | D:15     | Noticed a dire elephant
 12550 | D:15     | Reached skill level 10 in Fighting
 12551 | D:15     | Found a staircase to the Depths.
 12560 | D:15     | Killed a dire elephant
 12560 | D:15     | Reached skill level 14 in Axes
 12729 | Depths:1 | Entered Level 1 of the Depths
 12762 | Depths:1 | Found a gateway to Hell.
 12778 | Hell     | Entered the Vestibule of Hell
 12778 | Hell     | Noticed Geryon
 12778 | Hell     | Noticed a hellephant
 12884 | Depths:1 | Gained mutation: You resist negative energy. [Deep Dwarf growth]
 12884 | Depths:1 | Reached XP level 14. HP: 69/122 MP: 11/11
 12945 | Depths:1 | Noticed a stone giant
 12959 | Depths:1 | Killed a stone giant
 12966 | Depths:1 | Noticed a stone giant
 12970 | Depths:1 | Found a one-way gate leading to the halls of Pandemonium.
 12977 | Depths:1 | Killed a stone giant
 12990 | Depths:1 | Noticed a stone giant
 13026 | Depths:1 | Killed a stone giant
 13030 | Depths:1 | Noticed a tengu reaver
 13043 | Depths:1 | Killed a tengu reaver
 13079 | Depths:1 | Lost mutation: You are frail (-10% HP). [mutagenic meat]
 13080 | Depths:1 | Lost mutation: Your flesh is very heat resistant. [mutagenic meat]
 13083 | Depths:1 | Gained mutation: You are clumsy. (Dex -2) [mutagenic meat]
 13084 | Depths:1 | Lost mutation: You tend to lose your temper in combat. [mutagenic meat]
 13161 | Depths:1 | Noticed a green very ugly thing
 13166 | Depths:1 | Reached skill level 15 in Axes
 13172 | Depths:1 | Noticed a green very ugly thing
 13173 | Depths:1 | Noticed a green very ugly thing
 13173 | Depths:1 | Found a gateway to a ziggurat.
 13208 | Depths:1 | Killed a green very ugly thing
 13211 | Depths:1 | Noticed a lich
 13220 | Depths:1 | Killed a purple very ugly thing
 13230 | Depths:1 | Killed a purple very ugly thing
 13257 | Depths:1 | Mangled by a deep troll

Skill      XL: |  1  2  3  4  5  6  7  8  9 10 11 12 13 14 |
---------------+-------------------------------------------+-----
Fighting       | 3 4 5 6 8 9 10 | 10.7
Evocations     | 1 2 3 5 6 7 8 9 10 11 | 11.1
Axes           | 3 4 5 7 9 11 12 14 15 | 15.3
Shields        | 4 5 6 8 9 10 11 12 13 14 | 14.1
Armour         | 4 5 6 7 8 9 10 11 12 | 12.1
Long Blades    | 1 |  1.2

Action                   |  1- 3 |  4- 6 |  7- 9 | 10-12 | 13-15 || total
-------------------------+-------+-------+-------+-------+-------++-------
Melee: War axe           |   101 |    86 |   238 |   520 |       ||   945
       Falchion          |       |    91 |   174 |       |       ||   265
       Kick              |       |       |    50 |   194 |       ||   244
       Broad axe         |       |       |       |   114 |   425 ||   539
       Headbutt          |       |       |       |    43 |   116 ||   159
 Abil: Device Recharging |       |       |     3 |     5 |     8 ||    16
Evoke: Wand              |       |     2 |     8 |    24 |    32 ||    66
  Use: Scroll            |    11 |     5 |     8 |    18 |     8 ||    50
       Potion            |       |       |     1 |    10 |     6 ||    17
  Eat: Chunk             |     1 |     4 |    17 |    26 |    25 ||    73
       Beef jerky        |       |       |     1 |       |       ||     1
       Bread ration      |       |       |       |     1 |       ||     1
Armor: Scale mail        |    52 |       |       |       |       ||    52
       Plate armour      |     7 |   129 |   292 |   279 |   240 ||   947
Dodge: Dodged            |    28 |    42 |    99 |   176 |   134 ||   479
Block: Shield            |    66 |   121 |   322 |   471 |   320 ||  1300
